Map: Pillars of Gold LE

Players

HeroMarine

  • Race: Terran Terran
  • League: Grandmaster
  • Spawn Location: 7:00

MarineLorD - Winner!

  • Race: Terran Terran
  • League: Master
  • Spawn Location: 1:00

Event: DreamHack SC2 Masters 2020 Winter

VOD

Have the link to the VOD?

Description

Time

  • Played on: Oct. 29, 2020, 3:17 p.m.
  • Length: 24:36

All games in this series

Show
View Real Time Build Order
Export as new Build Order

HeroMarine Terran 

Build Orders: Gas First Reaper Expand 

Get SALT Encoding   

  12  0:00  SCV  
  13  0:12  SCV  
  14  0:17  Supply Depot  
  14  0:24  SCV  
  15  0:29  Refinery  
  15  0:39  SCV  
  16  0:45  Barracks  
  16  0:51  SCV  
  17  1:03  SCV  
  18  1:15  SCV  
  19  1:32  Reaper, Orbital Command  
  20  1:48  Command Center  
  20  1:59  Factory  
  20  2:03  SCV  
  20  2:07  Barracks Reactor  
  21  2:15  SCV  
  21  2:16  Supply Depot  
  21  2:21  Refinery  
  22  2:28  SCV  
  23  2:40  SCV  
  23  2:43  Hellion  
  26  2:44  Starport  
  26  2:52  SCV, Marine  
  26  2:53  Marine  
  29  3:02  Orbital Command  
  29  3:05  SCV  
  29  3:11  Widow Mine  
  32  3:14  Marine  
  32  3:15  Marine  
  32  3:18  SCV  
  35  3:22  Starport Tech Lab  
  35  3:28  SCV  
  35  3:30  SCV  
  35  3:31  Marine  
  35  3:32  Marine  
  35  3:33  Factory Tech Lab  
  39  3:38  Supply Depot  
  39  3:40  Raven  
  41  3:43  SCV  
  41  3:44  SCV  
  43  3:48  Refinery  
  43  3:54  Cyclone  
  46  3:56  SCV  
  46  4:00  SCV, Marine x2  
  49  4:05  Supply Depot  
  49  4:08  SCV  
  50  4:13  SCV  
  51  4:18  Marine  
  51  4:19  Marine  
  51  4:20  SCV  
  54  4:26  Raven  
  54  4:27  SCV, Supply Depot  
  57  4:32  SCV  
  58  4:39  Command Center  
  58  4:40  SCV  
  58  4:45  Siege Tank  
  62  4:49  SCV  
  63  4:52  SCV, Supply Depot  
  63  4:55  Marine  
  63  4:56  Marine  
  66  5:01  SCV, Refinery  
  66  5:05  SCV  
  68  5:13  SCV  
  69  5:17  SCV, Siege Tank  
  73  5:22  Viking x2  
  73  5:25  SCV  
  73  5:26  Stimpack  
  73  5:27  Supply Depot  
  78  5:33  Barracks  
  78  5:35  Barracks  
  78  5:48  SCV x2  
  78  5:49  Siege Tank  
  83  5:52  Viking  
  83  5:55  Viking  
  82  5:58  SCV  
  82  6:00  SCV x2, Marine  
  85  6:08  Engineering Bay  
  85  6:11  Engineering Bay, Orbital Command  
  85  6:12  SCV x2  
  87  6:22  Viking  
  87  6:24  SCV x2  
  87  6:25  Viking  
  93  6:30  Barracks Reactor x2  
  93  6:32  Orbital Command  
  93  6:35  Supply Depot  
  93  6:37  SCV x2, Supply Depot  
  95  6:41  Terran Infantry Weapons Level 1, Terran Infantry Armor Level 1  
  95  6:47  Marine  
  95  6:49  SCV  
  95  6:51  SCV  
  95  6:52  Sensor Tower  
  98  6:56  Siege Tank  
  98  6:59  SCV  
  100  7:01  SCV  
  100  7:03  SCV  
  99  7:10  Refinery  
  99  7:11  SCV  
  99  7:12  Refinery  
  99  7:13  Combat Shield  
  99  7:14  SCV  
  99  7:15  SCV  
  102  7:21  Marine x2, Barracks  
  102  7:22  Marine, Barracks  
  104  7:26  Viking x2  
  104  7:28  SCV x2  
  104  7:29  SCV  
  113  7:33  Siege Tank  
  117  7:41  Supply Depot  
  117  7:42  Supply Depot  
  117  7:43  Supply Depot  
  115  7:50  Command Center, Marine x3  
  117  7:57  Armory  
  117  8:02  SCV x3, Marine x2  
  124  8:07  Marine  
  124  8:08  Marine x2  
  124  8:09  Medivac x2  
  124  8:10  Barracks Reactor x2  
  129  8:14  Siege Tank  
  129  8:18  SCV x2  
  129  8:19  SCV  
  135  8:20  Marine x2  
  135  8:25  Marine x2  
  135  8:26  Marine  
  138  8:32  Supply Depot x2  
  138  8:33  Supply Depot, Factory  
  138  8:38  Marine  
  140  8:43  Terran Infantry Armor Level 2, Marine, Terran Infantry Weapons Level 2  
  140  8:44  Marine  
  141  8:51  Missile Turret  
  141  8:53  Medivac x2, Marine x4  
  141  8:54  Barracks Reactor, Missile Turret, Marine  
  150  8:56  Marine  
  150  9:01  Marine  
  150  9:02  SCV x3, Marine  
  154  9:09  Siege Tank  
  151  9:11  Marine x4  
  151  9:14  SCV x2  
  151  9:15  SCV  
  158  9:17  Marine  
  158  9:18  Marine  
  158  9:20  Terran Vehicle Weapons Level 1  
  158  9:23  Viking x2  
  164  9:26  SCV  
  164  9:27  SCV x2  
  164  9:28  Sensor Tower  
  165  9:35  Planetary Fortress  
  165  9:36  Marine x2  
  165  9:37  Marine x2  
  153  9:38  Marine x2  
  153  9:41  Marine x2, Siege Tank  
  153  9:43  Marine x2  
  157  9:52  Siege Tank  
  157  9:53  Viking x2  
  157  9:54  Marine x2  
  157  9:55  Marine x2  
  157  9:56  Marine x2  
  167  10:00  Marine x2  
  167  10:03  Marine x2  
  151  10:13  Siege Tank  
  151  10:14  SCV x4  
  155  10:20  Marine x6  
  162  10:23  Viking x2  
  162  10:27  Siege Tank  
  162  10:28  Marine x3  
  172  10:31  Marine  
  173  10:36  Sensor Tower  
  173  10:38  Marine x6  
  178  10:46  Marine  
  178  10:49  Marine x2  
  178  10:51  Marine  
  178  10:55  Supply Depot x2  
  178  10:56  Marine  
  180  10:57  Viking x2, Sensor Tower, Siege Tank  
  187  11:04  Refinery x2  
  187  11:10  Missile Turret  
  187  11:16  Terran Infantry Weapons Level 3, Terran Infantry Armor Level 3  
  187  11:26  Starport  
  187  11:29  Command Center, Starport  
  187  11:32  Viking  
  189  11:33  Viking  
  184  11:50  Siege Tank  
  184  11:52  Siege Tank  
  184  11:53  Marine x2  
  158  12:02  Viking, Marine x5  
  158  12:03  Viking, Marine x2  
  158  12:07  Viking x2  
  168  12:09  Marine  
  168  12:10  Marine  
  168  12:13  Terran Ship Weapons Level 1  
  168  12:15  Marine  
  171  12:16  Armory  
  171  12:20  Marine  
  171  12:21  Marine x2  
  174  12:25  Marine x2  
  174  12:28  Command Center  
  176  12:30  Missile Turret  
  176  12:32  Viking  
  176  12:33  Viking  
  177  12:47  Barracks Reactor  
  177  12:48  Barracks Reactor  
  177  12:49  Liberator  
  177  12:50  Viking  
  182  12:55  Viking, Liberator  
  182  12:56  Fusion Core  
  187  13:02  Viking  
  189  13:10  Missile Turret  
  189  13:15  Command Center, Missile Turret  
  189  13:17  Viking  
  189  13:18  Terran Vehicle And Ship Armor Level 1  
  191  13:20  Viking  
  193  13:29  Viking  
  193  13:32  Viking, Liberator  
  197  13:36  Sensor Tower  
  197  13:37  Refinery, Liberator  
  197  13:40  Missile Turret, Refinery  
  199  13:43  Planetary Fortress  
  199  13:50  Advanced Ballistics  
  199  13:56  Viking x2  
  199  13:59  Viking  
  184  14:03  Liberator  
  184  14:05  Siege Tank  
  184  14:13  Terran Ship Weapons Level 2  
  184  14:18  Orbital Command  
  184  14:22  Command Center  
  184  14:25  Command Center  
  184  14:27  Viking  
  184  14:28  Viking, Orbital Command  
  184  14:30  Liberator  
  191  14:40  Missile Turret  
  188  14:46  Sensor Tower  
  188  14:51  Liberator x2  
  194  14:53  Viking  
  194  14:57  Viking  
  194  14:58  Viking  
  200  15:03  Missile Turret  
  200  15:09  Rapid Reignition System  
  200  15:19  Viking  
  199  15:21  Terran Vehicle And Ship Armor Level 2  
  199  15:22  Starport  
  199  15:27  Viking x2  
  198  15:31  Hi-Sec Auto Tracking, Neosteel Armor  
  198  15:34  Orbital Command  
  198  15:40  Viking  
  198  15:42  Orbital Command  
  200  15:53  Missile Turret  
  200  16:01  Starport Reactor  
  200  16:04  Starport  
  200  16:22  Viking x2  
  200  16:23  Viking x4  
  195  16:26  Siege Tank  
  195  16:27  Siege Tank  
  190  16:44  Starport Tech Lab  
  190  16:51  Command Center  
  190  16:52  Viking x2  
  190  16:53  Viking x4  
  196  16:58  Viking x2  
  183  17:03  Siege Tank  
  177  17:12  Liberator  
  180  17:22  Viking, Liberator x2  
  176  17:23  Viking, Liberator x2  
  176  17:25  Marine x5  
  176  17:26  Marine x3  
  176  17:29  Marine x2  
  200  17:49  Terran Ship Weapons Level 3, Terran Vehicle And Ship Armor Level 3  
  200  17:56  Viking x2  
  200  17:57  Viking  
  198  18:01  Viking  
  198  18:03  Viking  
  198  18:04  Marine x2  
  197  18:14  Siege Tank  
  199  18:24  Viking x3  
  198  18:35  Raven, Refinery  
  198  18:37  Refinery  
  198  18:39  Corvid Reactor  
  198  18:48  Viking  
  193  19:20  Viking x3  
  193  19:21  Liberator  
  193  19:23  Liberator  
  190  19:25  Liberator  
  190  19:27  Marine  
  190  19:28  Marine x5  
  197  19:38  Viking, Refinery  
  197  19:40  Refinery  
  197  19:42  Marine  
  200  19:46  Orbital Command  
  185  20:09  Liberator x3  
  185  20:12  Marine  
  180  20:18  Viking x2  
  180  20:20  Marine x8  
  188  20:23  Viking  
  190  20:29  Viking x2  
  190  20:33  Viking  
  190  20:34  Missile Turret  
  195  20:48  Viking x2  
  196  20:52  Viking x2  
  197  21:21  Viking x3  
  197  21:24  Viking x2  
  197  21:25  Viking, Marine x2  
  163  21:26  Marine x2  
  163  21:27  Viking x2, Marine x2  
  163  21:28  Marine  
  149  21:33  Siege Tank  
  149  21:35  Marine x2  
  149  21:39  Viking  
  146  21:46  Marine x2  
  141  21:47  Marine x2  
  141  21:48  Marine x2  
  141  21:49  Marine  
  141  21:51  Viking x2  
  143  21:57  Orbital Command  
  143  21:59  Viking x3  
  143  22:00  Marine x2  
  151  22:02  Marine  
  151  22:04  Viking, Marine  
  151  22:07  Viking  
  157  22:11  Refinery  
  157  22:12  Viking  
  157  22:14  Marine  
  160  22:19  Marine x7  
  169  22:24  Marine x2  
  174  22:32  Marine  
  174  22:37  Marine x3  
  175  22:48  Medivac  
  175  22:49  Medivac x2  
  175  22:50  Medivac x2  
  151  22:51  Marine  
  151  22:52  Marine x6  
  151  22:53  Siege Tank  
  151  22:54  Marine  
  151  22:55  Marine x2  
  151  22:58  Siege Tank  
  167  23:09  Marine x7  
  167  23:10  Viking  
  167  23:12  Viking, Marine x2  
  171  23:13  Viking, Marine  
  171  23:16  Viking  
  175  23:25  Siege Tank  
  178  23:27  Marine x6  
  178  23:30  Marine x2  
  183  23:34  Viking  
  183  23:35  Marine  
  183  23:36  Siege Tank  
  183  23:39  Viking  
  190  23:46  Viking, Raven  
  190  23:47  Viking  
  195  23:48  Marine  
  195  23:50  Marine  
  195  23:55  Viking  
  193  24:03  Viking x2  
  196  24:16  Marine x2  
Show
View Real Time Build Order
Export as new Build Order

MarineLorD Terran - Winner!

Build Orders: Reaper Expand 

Get SALT Encoding   

  12  0:00  SCV  
  13  0:12  SCV  
  14  0:17  Supply Depot  
  14  0:24  SCV  
  15  0:38  SCV  
  15  0:40  Barracks  
  16  0:44  Refinery  
  16  0:51  SCV  
  17  1:03  SCV  
  18  1:15  SCV  
  19  1:27  Reaper, Orbital Command  
  20  1:41  Command Center  
  20  1:50  Supply Depot  
  20  1:53  SCV  
  21  1:59  Marine  
  22  2:05  SCV  
  23  2:11  Factory  
  23  2:17  SCV, Marine  
  23  2:21  Bunker  
  25  2:25  Refinery  
  25  2:29  SCV  
  26  2:34  Marine  
  27  2:41  SCV  
  28  2:53  SCV, Barracks Reactor  
  28  2:54  Orbital Command  
  28  2:56  Starport  
  29  3:02  Hellion  
  31  3:05  SCV  
  31  3:10  Refinery  
  32  3:17  SCV  
  33  3:20  SCV  
  33  3:23  Factory Tech Lab  
  34  3:30  SCV, Marine  
  34  3:31  Marine  
  34  3:32  SCV  
  34  3:34  Starport Tech Lab  
  38  3:38  Supply Depot  
  38  3:41  Cyclone  
  38  3:42  SCV  
  38  3:44  SCV  
  43  3:49  Supply Depot  
  43  3:52  Raven  
  43  3:54  SCV  
  46  4:00  SCV  
  47  4:06  SCV  
  48  4:12  Command Center  
  48  4:13  SCV  
  49  4:19  Siege Tank  
  49  4:20  SCV  
  53  4:26  SCV  
  53  4:28  Refinery  
  54  4:33  SCV  
  54  4:34  Raven  
  54  4:36  Supply Depot  
  54  4:38  SCV  
  58  4:39  Marine x2  
  58  4:44  Supply Depot  
  58  4:45  SCV  
  61  4:50  SCV  
  62  4:58  SCV, Siege Tank  
  62  4:59  Supply Depot, Marine x2  
  68  5:03  SCV  
  69  5:10  SCV  
  70  5:15  SCV  
  71  5:22  SCV  
  71  5:24  Orbital Command  
  71  5:27  SCV, Barracks x2  
  73  5:28  Viking  
  73  5:30  Viking  
  73  5:35  Siege Tank  
  80  5:38  SCV  
  80  5:39  SCV  
  80  5:40  Stimpack  
  80  5:41  Marine  
  83  5:50  Engineering Bay  
  83  5:51  SCV x2, Engineering Bay  
  86  6:02  Orbital Command  
  86  6:03  SCV, Viking x2, Marine  
  91  6:08  SCV  
  92  6:15  SCV  
  92  6:18  Siege Tank  
  96  6:20  SCV  
  96  6:22  Terran Infantry Weapons Level 1, Terran Infantry Armor Level 1  
  96  6:25  Barracks Reactor x2  
  97  6:27  SCV  
  97  6:29  SCV  
  97  6:30  Sensor Tower  
  97  6:32  SCV  
  100  6:39  SCV  
  101  6:47  Supply Depot, Refinery x2  
  101  6:55  Supply Depot  
  101  6:57  Supply Depot  
  101  6:58  Viking, SCV x3, Siege Tank  
  101  7:00  Marine  
  109  7:04  Viking  
  108  7:09  Marine x4  
  108  7:10  SCV x3  
  115  7:20  Combat Shield, Marine  
  115  7:21  Barracks  
  115  7:22  SCV x2, Barracks  
  119  7:27  Marine x2  
  119  7:28  Viking  
  121  7:30  Marine x2  
  121  7:34  Viking  
  121  7:36  Armory, Siege Tank  
  128  7:38  Marine  
  129  7:45  Marine x2  
  129  7:48  Marine x2  
  133  7:54  Supply Depot, Command Center  
  133  7:55  Supply Depot, Missile Turret  
  133  7:57  Supply Depot  
  133  7:58  Marine  
  133  7:59  Medivac  
  133  8:03  Marine  
  133  8:04  Medivac, Marine  
  140  8:06  Marine  
  141  8:13  Barracks Reactor x2  
  141  8:15  Marine  
  141  8:16  SCV x3, Marine  
  141  8:19  Supply Depot  
  145  8:20  Marine  
  145  8:21  Marine  
  145  8:24  Marine  
  148  8:29  Viking  
  148  8:31  Terran Infantry Armor Level 2, Terran Infantry Weapons Level 2  
  148  8:33  Terran Vehicle Weapons Level 1, Marine  
  148  8:34  Viking  
  153  8:38  Marine  
  155  8:45  Marine x2  
  155  8:48  Siege Tank  
  159  8:51  Marine x3  
  159  8:53  Factory  
  159  8:55  Marine  
  162  8:56  Barracks Reactor, Marine  
  162  8:59  Viking  
  162  9:01  Marine  
  166  9:03  Viking, Supply Depot, Marine x2  
  166  9:07  Supply Depot  
  169  9:20  Siege Tank  
  169  9:21  Sensor Tower  
  172  9:29  Viking  
  172  9:30  Command Center  
  158  9:39  Viking  
  158  9:40  Marine x2  
  158  9:41  Marine x3  
  158  9:42  Marine x3  
  162  9:46  Siege Tank  
  162  9:48  Planetary Fortress  
  164  9:52  Marine x2  
  164  9:53  Missile Turret  
  164  9:58  Marine x2  
  164  9:59  Viking, Marine  
  166  10:09  Viking  
  166  10:13  Siege Tank  
  164  10:14  Marine x2  
  164  10:15  Marine  
  164  10:19  Marine x7  
  174  10:28  Siege Tank  
  177  10:29  SCV, Liberator  
  177  10:32  Marine x2  
  177  10:34  SCV x3, Refinery x2  
  186  10:39  Liberator  
  189  10:44  Missile Turret  
  189  10:49  Marine  
  190  10:54  Terran Infantry Weapons Level 3, Starport  
  190  10:55  Terran Infantry Armor Level 3, Starport  
  190  11:05  Refinery  
  190  11:06  Refinery  
  190  11:10  Planetary Fortress, Command Center  
  190  11:11  Command Center, Sensor Tower  
  190  11:20  Fusion Core  
  190  11:44  Viking x2  
  190  11:45  Starport Reactor x2  
  169  12:13  Barracks x2  
  169  12:14  Viking x2, Barracks  
  173  12:18  Starport  
  173  12:19  Starport  
  173  12:20  Terran Vehicle Weapons Level 2  
  173  12:22  Armory  
  173  12:24  Orbital Command  
  173  12:25  Orbital Command  
  173  12:32  Viking x2  
  173  12:33  Viking x2  
  181  12:44  Viking x2  
  185  12:58  Viking x2  
  189  13:02  Viking x3  
  189  13:03  Viking, Barracks Reactor x3  
  197  13:10  Advanced Ballistics  
  197  13:12  Terran Vehicle And Ship Armor Level 1  
  194  13:24  Command Center  
  194  13:29  Viking x2  
  194  13:33  Sensor Tower  
  197  13:36  Siege Tank  
  197  13:39  Starport Tech Lab x2  
  194  13:59  Viking x5  
  194  14:02  Viking x3  
  184  14:20  Command Center  
  184  14:26  Neosteel Armor  
  184  14:27  Hi-Sec Auto Tracking  
  184  14:29  Viking  
  186  14:33  Missile Turret x2  
  186  14:34  Viking  
  186  14:36  Terran Ship Weapons Level 1  
  186  14:38  Raven x2  
  188  14:43  Orbital Command  
  192  14:50  Viking x3  
  126  14:52  Viking  
  200  15:06  Terran Vehicle And Ship Armor Level 2  
  190  15:22  Viking, Liberator  
  190  15:23  Viking x3  
  190  15:36  Viking x3  
  190  15:38  Orbital Command  
  196  15:44  Command Center  
  196  15:52  Viking  
  196  15:56  Command Center  
  198  16:18  Sensor Tower  
  195  16:22  Viking x2  
  195  16:23  Missile Turret x2  
  195  16:24  Viking x3  
  195  16:25  Viking x3  
  184  16:45  Command Center  
  184  16:52  Viking x2  
  176  16:54  Viking x3  
  176  16:55  Viking x3  
  176  16:56  Command Center  
  167  17:05  Terran Ship Weapons Level 2  
  155  17:20  Siege Tank x2  
  155  17:22  Viking x2  
  160  17:24  Viking  
  160  17:29  Orbital Command x2  
  162  17:31  Raven x2  
  162  17:34  Liberator x2  
  172  17:49  Liberator  
  168  17:52  Siege Tank, Liberator x2  
  163  18:06  Siege Tank  
  163  18:10  Terran Vehicle And Ship Armor Level 3  
  163  18:12  Planetary Fortress x2  
  166  18:14  Refinery  
  166  18:20  Viking x2  
  166  18:21  Viking  
  166  18:24  Siege Tank  
  175  18:28  Viking  
  175  18:29  Viking  
  179  18:38  Siege Tank  
  182  18:48  Viking x3  
  188  18:50  Viking  
  188  18:51  Viking x2  
  193  18:58  Viking x2  
  193  18:59  Missile Turret  
  194  19:18  Viking x3  
  194  19:20  Viking  
  194  19:21  Viking x2  
  200  19:28  Viking x2  
  199  19:36  Refinery x2  
  199  19:40  Missile Turret  
  199  19:42  Terran Ship Weapons Level 3  
  199  19:45  Refinery  
  199  19:48  Missile Turret  
  186  20:08  Raven  
  186  20:10  Missile Turret  
  186  20:11  Liberator x4  
  182  20:26  Missile Turret  
  182  20:29  Viking x3  
  184  20:50  Missile Turret  
  184  20:51  Viking  
  184  20:54  Viking  
  174  21:22  Viking  
  174  21:25  Viking x2  
  154  21:30  Viking x5  
  128  21:49  Marine x5  
  128  21:50  Marine x10  
  128  21:51  Marine  
  128  21:52  Viking  
  140  21:55  Viking x2  
  140  22:00  Viking x4, Banshee  
  155  22:07  Missile Turret, Marine x7  
  155  22:08  Marine x3  
  165  22:17  Marine x6  
  165  22:22  Liberator  
  171  22:25  Viking, Marine x3, Liberator  
  182  22:30  Viking x3  
  183  22:37  Marine x4  
  183  22:43  Marine x4  
  189  22:45  Marine x2  
  189  22:46  Marine x2  
  189  22:47  Marine x2  
  189  22:49  Liberator x2  
  198  22:55  Viking  
  198  23:02  Viking  
  196  23:52  Siege Tank  
  199  23:57  Marine x2  
Tags
 
Add a new tag
Caveats
  • Supply blocks, unpowered buildings, or Contaminate may cause inaccurate times.
  • Supply counts are checked every 10 seconds.